 Dungeon Crawl Stone Soup version 0.18.1-8-gdd0e5ea (webtiles) character file.

376 senseless the Ruffian (level 6, -2/61 HPs)
             Began as a Troll Berserker on June 2, 2016.
             Was a Priest of Trog.
             Slain by Menkaure (20 damage)
             ... on level 4 of the Dungeon.
             The game lasted 00:11:41 (2745 turns).

senseless the Ruffian (Troll Berserker)             Turns: 2745, Time: 00:11:41

Health: -2/61      AC:  5    Str: 28    XL:     6   Next: 44%
Magic:  4/4        EV: 10    Int:  5    God:    Trog [***...]
Gold:   121        SH:  0    Dex:  7    Spells: 0 memorised, 5 levels left

rFire  . . .     SeeInvis +       - Unarmed
rCold  . . .     Gourm    +     a - +0 animal skin
rNeg   . . .     Faith    .     (no shield)
rPois  .         Spirit   .     (helmet restricted)
rElec  .         Dismiss  .     (no cloak)
rCorr  .         Reflect  .     (gloves unavailable)
SustAt .         Harm     .     (boots unavailable)
MR     .....     Rnd*Tele +     (no amulet)
Stlth  +.........               (no ring)
                                f - ring of teleportation

@: not resistant to hostile enchantments, very unstealthy
A: unfitting armour, claws 3, see invisible, clumsy 1, fast metabolism 3,
gourmand, low mp 1, regeneration 2, shaggy fur 1, strong 1, teleportitis 1,
tough skin 2
a: Berserk, Trog's Hand, Burn Spellbooks, Renounce Religion


You were on level 4 of the Dungeon.
You worshipped Trog.
Trog was most pleased with you.
You were completely stuffed.

You visited 1 branch of the dungeon, and saw 4 of its levels.

You collected 121 gold pieces.

Inventory:

Armour
 a - a +0 animal skin (worn)
 m - a +0 robe
Jewellery
 f - a ring of teleportation (left claw)
Scrolls
 d - a scroll of blinking
 g - a scroll of magic mapping
 l - 2 scrolls of remove curse
Potions
 e - a potion of heal wounds {unknown}
 j - a potion of magic {unknown}
 k - 2 potions of haste
 p - a potion of curing {unknown}
Comestibles
 b - 3 bread rations
 c - a slice of pizza
 h - 2 beef jerkies
 i - 2 meat rations
 o - a chunk of flesh


   Skills:
 + Level 3.5 Fighting
 + Level 4.1 Dodging
 + Level 0.9 Stealth
 + Level 4.8 Unarmed Combat


You had 5 spell levels left.
You didn't know any spells.

Dungeon Overview and Level Annotations

Branches:
Dungeon (4/15)             Temple (0/1) D:4

Altars:
Qazlal
Trog
Yredelemnul

Annotations:
D:4 Menkaure


Innate Abilities, Weirdness & Mutations

You are too large for most types of armour.
You have claws for hands.
Your metabolism is lightning-fast.
You like to eat raw meat.
You heal very quickly.
You are covered in fur (AC +1).
You have very tough skin (AC +2).
You have supernaturally acute eyesight.
You are clumsy. (Dex -2)
Your magical capacity is low (-10% MP).
Your muscles are strong. (Str +2)
You are occasionally teleported next to monsters.


Message History

A goblin comes into view.
The goblin shouts!
The hobgoblin shouts!
You claw Menkaure!
Menkaure is heavily damaged.
Menkaure barely misses you.
You scratch Menkaure.
Menkaure is severely damaged.
You scratch Menkaure.
Menkaure is almost destroyed.
Menkaure hits you!
* * * LOW HITPOINT WARNING * * *
A goblin comes into view. It is wielding a dagger.
You are too injured to fight recklessly!
You are too injured to fight recklessly!
You are too injured to fight recklessly!
The goblin shouts!
You scratch Menkaure but do no damage.
Menkaure is almost destroyed.
Menkaure hits you!!
You die...

####'########.......
#............#..####
#............#..#
#..........).#..#
#............#..####
#............'>.....
#............#..####
##............#..#
#...@.........#..#
#...Mg...)....#..#
#........)....#..#
#.g...........#..#
#.............#..####
#.###....... ...#...
#g ##########.##...
#. #.......# .....
#.#####.# #...


You could see Menkaure, a hobgoblin and 2 goblins.

Vanquished Creatures
  Sigmund (D:4)
  2 orc wizards (D:3)
  Natasha (D:2)
  A worker ant (D:3)
  3 adders (D:3)
  3 oozes
  3 dart slugs (D:2)
  7 orcs (D:3)
  A ball python (D:1)
  5 giant cockroaches
  2 gnoll zombies (D:3)
  7 goblins
  6 hobgoblins
  7 jackals
  A quokka (D:3)
  6 bats
  4 giant newts
  7 kobolds
  A quokka skeleton (D:4)
  3 rats
71 creatures vanquished.

Notes
Turn   | Place    | Note
--------------------------------------------------------------
     0 | D:1      | senseless the Troll Berserker began the quest for the Orb.
     0 | D:1      | Reached XP level 1. HP: 22/22 MP: 0/0
   159 | D:1      | Reached XP level 2. HP: 29/29 MP: 1/1
   675 | D:1      | Gained mutation: You are occasionally teleported next to monsters. [potion of mutation]
   675 | D:1      | Gained mutation: Your muscles are strong. (Str +2) [potion of mutation]
   675 | D:1      | Gained mutation: You are clumsy. (Dex -2) [potion of mutation]
   824 | D:2      | Reached XP level 3. HP: 36/36 MP: 2/2
   851 | D:2      | Found a bloodstained altar of Trog.
   864 | D:2      | Reached ** piety under Trog
  1166 | D:2      | Noticed Natasha
  1178 | D:2      | HP: 2/54 [Natasha (2)]
  1179 | D:2      | Killed Natasha
  1179 | D:2      | Reached XP level 4. HP: 2/45 MP: 3/3
  1367 | D:3      | Found a basalt altar of Yredelemnul.
  1502 | D:3      | Found a stormy altar of Qazlal.
  1534 | D:3      | Reached XP level 5. HP: 53/53 MP: 4/4
  1974 | D:3      | Reached *** piety under Trog
  2427 | D:4      | Found a staircase to the Ecumenical Temple.
  2643 | D:4      | Noticed Sigmund
  2652 | D:4      | Killed Sigmund
  2652 | D:4      | Reached XP level 6. HP: 50/61 MP: 5/5
  2657 | D:4      | Gained mutation: Your magical capacity is low (-10% MP). [potion of mutation]
  2657 | D:4      | Gained mutation: You have supernaturally acute eyesight. [potion of mutation]
  2737 | D:4      | Noticed Menkaure
  2745 | D:4      | Slain by Menkaure

Skill      XL: |  1  2  3  4  5 |
---------------+----------------+-----
Fighting       | 3 |  3.5
Dodging        | 3 4 |  4.1
Unarmed Combat | 4 |  4.8
Stealth        | |  0.9

Action                   |  1- 3 |  4- 6 || total
-------------------------+-------+-------++-------
Melee: Unarmed           |    78 |   112 ||   190
       Punch             |       |     1 ||     1
Invok: Berserk           |     1 |     1 ||     2
  Use: Scroll            |     6 |     2 ||     8
       Potion            |     1 |     1 ||     2
  Eat: Chunk             |    16 |    17 ||    33
Armor: Animal skin       |    27 |     2 ||    29
       Robe              |       |    29 ||    29
Dodge: Dodged            |    48 |    42 ||    90
